 Dungeon Crawl Stone Soup version 0.30-a0-29-g142975f185 (webtiles) character file.

Game seed: 10639383296367857518

12794 kae the Arsonist (level 11, -9/89 HPs)
             Began as a Demigod Fire Elementalist on Aug 26, 2022.
             Mangled by a skeletal warrior
             ... wielding a +0 battleaxe
              (17 damage)
             ... on level 11 of the Dungeon.
             The game lasted 00:18:07 (18311 turns).

kae the Arsonist (Demigod Fire Elementalist)       Turns: 18311, Time: 00:18:07

Health: -9/89      AC: 14    Str:  9    XL:     11   Next: 40%
Magic:  14/23      EV: 15    Int: 29    God:
Gold:   779        SH:  0    Dex: 16    Spells: 8/21 levels left

rFire   . . .      SeeInvis +    m - +9 whip of the End {vorpal, rC++ Dex+2 SInv}
rCold   + + .      Faith    .    (no shield)
rNeg    + . .      Spirit   .    H - +0 steam dragon scales
rPois   .          Reflect  .    K - +1 helmet
rElec   .          Harm     .    G - +0 cloak
rCorr   .          Rampage  .    h - +1 pair of gloves
Will    +....                    (no boots)
Stlth   ++........               (no amulet)
HPRegen 0.24/turn                N - ring of positive energy
MPRegen 0.18/turn                O - +4 ring of protection

@: no status effects
A: high MP 1, forlorn, divine attributes
a: no special abilities


You were on level 11 of the Dungeon.
You visited 1 branch of the dungeon, and saw 11 of its levels.

You collected 779 gold pieces.


Innate Abilities, Weirdness & Mutations

You have an increased reservoir of magic. (+10% MP)
You shall have no god before yourself.
Your divine heritage dramatically boosts your attributes as you level up.


   Skills:
 + Level 5.7 Fighting
 * Level 7.7 Maces & Flails
 + Level 6.1 Dodging
 - Level 1.7 Stealth
 + Level 5.6 Spellcasting
 * Level 8.3 Conjurations
 * Level 8.8 Fire Magic


You had 8 spell levels left.
You knew the following spells:

 Your Spells              Type           Power      Damage    Failure   Level
a - Foxfire               Conj/Fire      100%       2x1d9     1%          1
b - Scorch                Fire           100%       2d10      1%          2
c - Conjure Flame         Conj/Fire      55%        6-21      1%          3
d - Inner Flame           Hex/Fire       33%        N/A       3%          3
e - Flame Wave            Conj/Fire      55%        2d13      1%          4

Your spell library contained the following spells:

 Spells                   Type           Power      Damage    Failure   Level
 Call Canine Familiar     Summ           8%         N/A       17%         3
 Ozocubu's Armour         Ice            8%         N/A       17%         3
 Portal Projectile        Hex/Tloc       16%        N/A       17%         3
 Lightning Bolt           Conj/Air       16%        1d30      28%         5
 Airstrike                Air            4%         2d(1-17)  50%         4
 Leda's Liquefaction      Hex/Erth       4%         N/A       50%         4
 Summon Lightning Spire   Summ/Air       8%         N/A       50%         4
 Metabolic Englaciation   Hex/Ice        4%         N/A       85%         5
 Simulacrum               Ice/Necr       4%         N/A       100%        6

Inventory:

Hand Weapons
 m - the +9 whip of the End (weapon) {vorpal, rC++ Dex+2 SInv}
   (You found it on level 2 of the Dungeon)

   It inflicts extra damage upon your enemies.
   Dex:       It affects your dexterity (+2).
   rC:        It greatly protects you from cold.
   SInv:      It lets you see invisible.
Missiles
 e - 94 stones
 i - 3 curare-tipped darts {=f}
 l - a throwing net {=f!f}
 q - 15 boomerangs
 r - 4 datura-tipped darts
 I - 16 poisoned darts
 M - 6 atropa-tipped darts
Armour
 h - a +1 pair of gloves (worn)
   (You found it on level 1 of the Dungeon)
 G - a +0 cloak (worn)
   (You took it off Crazy Yiuf on level 7 of the Dungeon)
 H - +0 steam dragon scales (worn)
   (You found it on level 9 of the Dungeon)
 K - a +1 helmet (worn)
   (You found it on level 10 of the Dungeon)
Jewellery
 F - a ring of protection from fire
   (You took it off an orc on level 11 of the Dungeon)
 N - a ring of positive energy (left hand)
   (You found it on level 3 of the Dungeon)
 O - a +4 ring of protection (right hand)
   (You took it off a centaur on level 9 of the Dungeon)
Wands
 a - a wand of flame (9)
   (You found it on level 10 of the Dungeon)
 s - a wand of digging (7)
   (You found it on level 8 of the Dungeon)
 v - a wand of light (5)
   (You found it on level 4 of the Dungeon)
 x - a wand of polymorph (16)
   (You found it on level 5 of the Dungeon)
 y - a wand of charming (11)
   (You found it on level 6 of the Dungeon)
 L - a wand of roots (10)
   (You took it off an orc warrior on level 11 of the Dungeon)
Scrolls
 c - 8 scrolls of teleportation {@r4}
 k - a scroll of enchant weapon
 u - a scroll of butterflies
 w - a scroll of fear
 C - 2 scrolls of torment {!r}
 D - a scroll of silence {!r}
 J - a scroll of enchant armour
 P - a scroll of magic mapping {!r}
 Q - a scroll of summoning
 R - 2 scrolls of blinking {!r}
Potions
 b - 2 potions of magic
 d - 2 potions of flight {unknown}
 f - 4 potions of brilliance
 g - 4 potions of degeneration {unknown}
 j - 6 potions of might
 n - a potion of invisibility
 o - 2 potions of mutation {!q}
 p - a potion of berserk rage {!q}
 t - 2 potions of attraction {!q}
 z - 4 potions of lignification {unknown}
 A - 2 potions of heal wounds {unknown}
 B - 3 potions of curing {@q1}
 E - 3 potions of haste {unknown}

Dungeon Overview and Level Annotations

Branches:
Dungeon (11/15) Zot: 23865  Temple (0/1) D:6            Lair (0/5) D:8
    Orc (0/2) D:11

Shops:
D:10 !

Portals:
Trove: D:10 (give 6 scrolls of blinking)

Annotations:
D:5 3 runed translucent doors, hydro's ghost, novice PaCK
D:6 1 runed translucent door, QuickerDeath's ghost, novice DjGl
D:9 2 transporters
D:11 exclusion: cyclops

#####......^.#
#...#........#
##...........#
#.#.........#
#...........#######
##................#
#..........###...# #
###.##..######...## ##
#.##..@zzzz.....### ##.
#.##.(#####.......# #..
#.....######....#.###..
####.......#....#..##..
#....#####.......z..
#...##...##.#.......
######..##.....##.##8'8##
#.......#..>...['.#......
#.......#....>..'.#......


You could see 4 skeletal warriors.


Message History

A skeletal warrior is nearby!
A skeletal warrior is nearby!
A skeletal warrior is nearby!
You see here a +0 hand axe.
Things that are here:
a +0 ring mail; a +0 hand axe
Casting: Scorch (safe; 1% risk of failure)
Confirm with . or Enter, or press ? or * to list all spells.
The fire begins to smoulder! 😎 MP[-3]
You lost 3 mp, and now have 20/23 mp.
The fire ignites!
Casting: Conjure Flame (safe; 1% risk of failure)
Confirm with . or Enter, or press ? or * to list all spells.
You conjure some foxfire!
The foxfire hits the skeletal warrior but does no damage. 😎 MP[-1]
You lost 1 mp, and now have 19/23 mp.
Casting: Foxfire (safe; 1% risk of failure)
Confirm with . or Enter, or press ? or * to list all spells.
Flames lash the skeletal warrior.
The skeletal warrior's fire resistance burns away. 😎 MP[-1]
You lost 1 mp, and now have 18/23 mp.
Casting: Scorch (safe; 1% risk of failure)
Confirm with . or Enter, or press ? or * to list all spells.
Flames lash the skeletal warrior but do no damage.
A skeletal warrior comes into view. It is wielding a +0 battleaxe. 😎 MP[-2]
You lost 2 mp, and now have 16/23 mp.
Casting: Scorch (safe; 1% risk of failure)
Confirm with . or Enter, or press ? or * to list all spells.
Flames lash the skeletal warrior but do no damage.
The skeletal warrior is no longer more vulnerable to fire. 😎 MP[-2]
You lost 2 mp, and now have 14/23 mp.
Casting: Scorch (safe; 1% risk of failure)
Confirm with . or Enter, or press ? or * to list all spells.
Flames lash the skeletal warrior.
The skeletal warrior's fire resistance burns away.
The skeletal warrior closely misses you.
The skeletal warrior hits you with a +0 battleaxe! 😕 HP[-12] MP[-1]
You take 12 damage, and now have 77/89 hp.
You lost 1 mp, and now have 13/23 mp.
You hit the skeletal warrior.
Unknown command.
You closely miss the skeletal warrior.
The skeletal warrior is engulfed in blazing flames.
The skeletal warrior closely misses you.
You hit the skeletal warrior but do no damage.
The skeletal warrior is engulfed in blazing flames.
The skeletal warrior hits you with a +0 battleaxe! 😕 HP[-10]
You take 10 damage, and now have 67/89 hp.
You barely miss the skeletal warrior.
Unknown command.
You hit the skeletal warrior but do no damage.
The skeletal warrior is engulfed in blazing flames.
The skeletal warrior hits you with a +0 battleaxe!! 😮 HP[-17]
You take 17 damage, and now have 50/89 hp.
You hit the skeletal warrior but do no damage.
The skeletal warrior is engulfed in blazing flames.
The skeletal warrior hits you with a +0 battleaxe!
* * * LOW HITPOINT WARNING * * *
😨 HP[-17] MP[+1]
You take 17 damage, and now have 33/89 hp.
Unknown command.
You hit the skeletal warrior.
The skeletal warrior is engulfed in blazing flames.
The skeletal warrior misses you.
Unknown command.
You hit the skeletal warrior but do no damage.
The skeletal warrior is no longer more vulnerable to fire.
Unknown command.
You hit the skeletal warrior but do no damage.
The skeletal warrior is engulfed in blazing flames.
The skeletal warrior hits you with a +0 battleaxe!
* * * LOW HITPOINT WARNING * * *
😱 HP[-11]
You take 11 damage, and now have 22/89 hp.
Unknown command.
You closely miss the skeletal warrior.
The skeletal warrior is engulfed in blazing flames.
The skeletal warrior barely misses you.
Unknown command.
You hit the skeletal warrior but do no damage. 😨 HP[+1] Unknown command.
You hit the skeletal warrior. Your punch misses the skeletal warrior.
The skeletal warrior hits you with a +0 battleaxe!
* * * LOW HITPOINT WARNING * * *
😱 HP[-15]
You take 15 damage, and now have 8/89 hp.
Unknown command.
You hit the skeletal warrior but do no damage.
The skeletal warrior is engulfed in blazing flames.
The skeletal warrior hits you with a +0 battleaxe!
You die...

Skill      XL: |  1  2  3  4  5  6  7  8  9 10 11 |
---------------+----------------------------------+-----
Conjurations   | 1 2 3 4 5 6 7 8 |  8.3
Fire Magic     | 3 4 5 6 7 8 |  8.8
Dodging        | 2 3 4 5 6 |  6.1
Spellcasting   | 2 3 4 5 |  5.6
Fighting       | 1 2 3 4 5 |  5.7
Maces & Flails | 1 3 4 5 7 |  7.7
Stealth        | |  1.7

Action                   |  1- 3 |  4- 6 |  7- 9 | 10-12 || total
-------------------------+-------+-------+-------+-------++-------
Melee: Whip              |       |    14 |    17 |    24 ||    55
       Punch             |       |       |     1 |       ||     1
 Cast: Foxfire           |    81 |    52 |   162 |    86 ||   381
       Scorch            |    12 |    37 |    73 |   107 ||   229
       Conjure Flame     |       |     1 |     9 |     3 ||    13
       Inner Flame       |       |       |     9 |     7 ||    16
       Flame Wave        |       |       |       |    10 ||    10
  Use: Scroll            |     4 |     3 |     7 |     6 ||    20
       Potion            |       |       |       |     2 ||     2
Armor: Robe              |     5 |    14 |    16 |    14 ||    49
       Steam dragon scal |       |       |       |    38 ||    38
Dodge: Dodged            |    24 |    36 |    82 |   123 ||   265

Levels and vault maps discovered:
D:1:      dpeg_arrival_concentric_ovals, layout_basic
D:2:      layout_loops_cross, minivault_26, nicolae_figureground_sparkle,
          uniq_sigmund
D:3:      layout_loops_ring, minmay_surrounded, uniq_jessica
D:4:      layout_loops_ring, minmay_overflow_temple_hex, minivault_24,
          uniq_blork_the_orc
D:5:      layout_loops_ring, ebering_ghost_rock_garden
D:6:      layout_basic, minmay_temple_entry_mini_moons, ebering_ghost_sewer_d
D:7:      layout_basic, uniq_crazy_yiuf_cottage, uniq_joseph
D:8:      layout_loops_ring, dpeg_oklobed_lair, kennysheep_nondescript
D:9:      layout_cave_pools, nicolae_uskayaw_dance_studio, corner_web_ring,
          nicolae_diode_quadrants
D:10:     layout_gridville, enter_trove_0, serial_shops, shop,
          nicolae_fountain_basement
D:11:     layout_rooms, david_orc_5, kennysheep_windowed_goal, uniq_harold

Notes
Turn   | Place    | Note
-------+----------+-------------------------------------------
     0 | D:1      | kae the Demigod Fire Elementalist began the quest for the
                  | Orb.
     0 | D:1      | Reached XP level 1. HP: 14/14 MP: 5/5
     0 | D:1      | magus.rc [v1.11.3]
    92 | D:1      | Reached skill level 1 in Conjurations
   165 | D:1      | magus.rc [v1.11.3]
   280 | D:1      | magus.rc [v1.11.3]
   292 | D:1      | Reached XP level 2. HP: 20/20 MP: 4/7
   297 | D:1      | Learned a level 2 spell: Scorch
   391 | D:1      | HP: 5/20 [quokka (2)]
   593 | D:1      | Reached skill level 3 in Fire Magic
  1124 | D:1      | Reached skill level 2 in Dodging
  1403 | D:1      | Reached skill level 2 in Spellcasting
  1575 | D:1      | Reached XP level 3. HP: 27/27 MP: 6/8
  1579 | D:1      | Learned a level 3 spell: Conjure Flame
  2126 | D:2      | Noticed Sigmund
  2132 | D:2      | Reached skill level 2 in Conjurations
  2388 | D:2      | Reached XP level 4. HP: 34/34 MP: 5/9
  2453 | D:2      | Reached skill level 1 in Fighting
  2798 | D:2      | Killed Sigmund
  2799 | D:2      | Reached XP level 5. HP: 40/40 MP: 4/11
  2865 | D:2      | Identified the +9 whip of the End {vorpal, rC++ Dex+2 SInv}
  3634 | D:3      | Reached skill level 3 in Conjurations
  3647 | D:3      | Reached skill level 4 in Fire Magic
  3651 | D:3      | Reached XP level 6. HP: 20/48 MP: 1/12
  3891 | D:3      | Noticed Jessica
  3899 | D:3      | Killed Jessica
  3900 | D:3      | Reached skill level 1 in Maces & Flails
  4275 | D:4      | Reached skill level 2 in Fighting
  4349 | D:4      | Noticed Blork the orc
  4359 | D:4      | Killed Blork the orc
  4595 | D:4      | Reached skill level 3 in Dodging
  4998 | D:4      | Reached XP level 7. HP: 52/55 MP: 7/14
  5427 | D:5      | Entered Level 5 of the Dungeon
  5431 | D:5      | magus.rc [v1.11.3]
  5445 | D:5      | Reached skill level 2 in Maces & Flails
  5456 | D:4      | Reached skill level 3 in Spellcasting
  5737 | D:5      | Noticed a yak
  5737 | D:5      | Noticed a yak
  5739 | D:5      | Noticed a yak
  5739 | D:5      | Noticed a yak
  5847 | D:5      | Killed a yak
  5848 | D:5      | Reached skill level 4 in Conjurations
  5851 | D:5      | Killed a yak
  5852 | D:5      | Reached skill level 3 in Maces & Flails
  5852 | D:5      | Reached skill level 5 in Fire Magic
  5858 | D:5      | Killed a yak
  5859 | D:5      | Reached XP level 8. HP: 39/62 MP: 10/16
  5864 | D:5      | Reached skill level 3 in Fighting
  5930 | D:5      | magus.rc [v1.11.3]
  6194 | D:5      | Learned a level 3 spell: Inner Flame
  6199 | D:5      | Learned a level 4 spell: Flame Wave
  6230 | D:5      | Reached skill level 5 in Conjurations
  6312 | D:5      | Reached skill level 4 in Maces & Flails
  6316 | D:5      | Reached skill level 4 in Dodging
  6856 | D:5      | Found a runed translucent gate.
  6856 | D:5      | Found a runed translucent gate.
  6857 | D:5      | Found a runed translucent gate.
  6857 | D:5      | Noticed hydro's ghost (novice PaCK)
  7118 | D:6      | You fall into a shaft and drop 2 floors!
  7303 | D:8      | Reached skill level 6 in Fire Magic
  7450 | D:8      | Found a staircase to the Lair.
  7496 | D:8      | Reached skill level 4 in Spellcasting
  7496 | D:8      | Reached XP level 9. HP: 61/70 MP: 8/18
  7701 | D:7      | You pick up a book of Winter and begin reading...
  7701 | D:7      | You add the spells Ozocubu's Armour, Metabolic Englaciation
                  | and Simulacrum to your library.
  7859 | D:7      | magus.rc [v1.11.3]
  8026 | D:6      | Reached skill level 5 in Maces & Flails
  8329 | D:6      | Reached skill level 4 in Fighting
  8651 | D:6      | Reached skill level 6 in Conjurations
  8738 | D:6      | Found a runed translucent door.
  8744 | D:6      | Noticed QuickerDeath's ghost (novice DjGl)
  8805 | D:6      | Found a staircase to the Ecumenical Temple.
 10128 | D:7      | Reached skill level 7 in Fire Magic
 10290 | D:7      | You pick up a book of the Hunter and begin reading...
 10290 | D:7      | You add the spells Call Canine Familiar, Portal Projectile
                  | and Leda's Liquefaction to your library.
 10410 | D:7      | Identified the +9 spear "Idot" {drain, Contam rElec rPois
                  | Int+4}
 10616 | D:7      | Noticed Joseph
 10625 | D:7      | Killed Joseph
 10626 | D:7      | Reached skill level 5 in Dodging
 10626 | D:7      | Reached XP level 10. HP: 53/80 MP: 14/20
 10908 | D:7      | Found a runed translucent door.
 10909 | D:7      | Noticed Crazy Yiuf
 10917 | D:7      | Killed Crazy Yiuf
 11456 | D:8      | Reached skill level 6 in Maces & Flails
 12094 | D:9      | Found a transporter.
 12165 | D:9      | Found a transporter.
 12167 | D:9      | Found a transporter.
 12208 | D:9      | Reached skill level 7 in Conjurations
 12223 | D:9      | HP: 18/80 [vampire mosquito (4)]
 12290 | D:9      | HP: 15/80 [centaur/arrow (8)]
 12700 | D:9      | Found a transporter.
 12750 | D:9      | Reached skill level 5 in Spellcasting
 13392 | D:10     | Entered Level 10 of the Dungeon
 13648 | D:10     | Reached skill level 5 in Fighting
 13737 | D:10     | Identified the +0 scale mail of Duokoen {-Cast rC+++ Str-5
                  | Slay+4}
 14092 | D:10     | Reached skill level 8 in Fire Magic
 14299 | D:10     | Found Lyfud's Distillery.
 14595 | D:10     | Found a portal to a secret trove of treasure.
 14766 | D:10     | Reached skill level 7 in Maces & Flails
 15202 | D:11     | Noticed Harold
 15270 | D:10     | This trove needs 6 scrolls of blinking to function. Give it
                  | the items?
 15439 | D:11     | Noticed a cyclops
 15446 | D:11     | Noticed a manticore
 15486 | D:11     | Noticed a cyclops
 15559 | D:11     | Reached XP level 11. HP: 52/88 MP: 16/22
 15561 | D:11     | Noticed an orc knight
 15819 | D:11     | Noticed an orc knight
 15899 | D:11     | HP: 16/88 [cyclops (18)]
 16213 | D:11     | Killed Harold
 16213 | D:11     | HP: 11/88 [cloud of flame (15)]
 16214 | D:11     | HP: 2/88 [cloud of flame (9)]
 16543 | D:11     | Reached skill level 8 in Conjurations
 16611 | D:11     | Killed an orc knight
 16948 | D:11     | Noticed a skeletal warrior
 16956 | D:11     | Noticed a skeletal warrior
 17027 | D:11     | Killed an orc knight
 17027 | D:11     | HP: 11/88 [spore (27)]
 17028 | D:11     | Reached skill level 6 in Dodging
 17469 | D:10     | This trove needs 6 scrolls of blinking to function. Give it
                  | the items?
 17688 | D:11     | Found a staircase to the Orcish Mines.
 17719 | D:11     | You pick up a book of Storms and begin reading...
 17719 | D:11     | You add the spells Airstrike, Summon Lightning Spire and
                  | Lightning Bolt to your library.
 18043 | D:11     | Noticed a skeletal warrior
 18293 | D:11     | Noticed a skeletal warrior
 18307 | D:11     | HP: 22/89 [skeletal warrior/+0 battleaxe (11)]
 18310 | D:11     | HP: 8/89 [skeletal warrior/+0 battleaxe (15)]
 18311 | D:11     | Mangled by a skeletal warrior

Vanquished Creatures
  Harold (D:11)
  2 orc knights (D:11)
  A manticore (D:11)
  3 cyclopes (D:11)
  Joseph (D:7)
  An unseen horror (D:11)
  4 trolls
  A hornet (D:7)
  Sigmund (D:2)
  11 yaks
  2 wraiths
  3 vampire mosquitoes (D:9)
  A shadow (D:11)
  2 steam dragons
  3 acid dragons
  3 water moccasins
  4 sky beasts (D:6)
  An ice beast (D:7)
  3 ogres
  9 orc warriors
  7 centaurs
  3 phantoms
  A kobold brigand (D:9)
  Blork the orc (D:4)
  A bullfrog (D:8)
  3 wights (D:6)
  13 killer bees
  2 howler monkeys
  3 jellies
  5 hounds
  Crazy Yiuf (D:7)
  13 orc priests
  Jessica (D:3)
  4 iguanas
  10 orc wizards
  8 adders
  7 gnolls
  A shadow imp (D:5)
  2 white imps
  An ufetubus (D:5)
  2 worms (D:2)
  4 dart slugs
  45 orcs
  7 endoplasms
  4 giant cockroaches
  6 hobgoblins
  7 jackals
  4 quokkas
  7 ball pythons
  8 bats
  5 frilled lizards
  7 goblins
  7 kobolds
  7 rats
264 creatures vanquished.

Vanquished Creatures (others)
  637 foxfires
637 creatures vanquished.

Grand Total: 901 creatures vanquished

Table legend:
 A = Non-vault XP
 B = Vault XP
 C = Vault XP percentage of total XP
 D = Non-vault monster count
 E = Vault monster count
 F = Vault count percentage of total count
                 A         B        C        D         E       F
            +---------+---------+-------+---------+---------+-------
      Total |   14070 |    4208 |  23.0 |     222 |      42 |  15.9
            +---------+---------+-------+---------+---------+-------
        D:1 |      51 |       0 |   0.0 |      29 |       0 |   0.0
        D:2 |      82 |     223 |  73.1 |      23 |       1 |   4.2
        D:3 |     131 |      47 |  26.4 |      18 |       6 |  25.0
        D:4 |     329 |      94 |  22.2 |      18 |       1 |   5.3
        D:5 |    1783 |       0 |   0.0 |      35 |       0 |   0.0
        D:6 |    1415 |       0 |   0.0 |      24 |       0 |   0.0
        D:7 |    1623 |     527 |  24.5 |      17 |       2 |  10.5
        D:8 |     937 |       0 |   0.0 |      16 |       0 |   0.0
        D:9 |    2551 |     368 |  12.6 |      19 |       7 |  26.9
       D:10 |    2138 |     341 |  13.8 |      16 |       5 |  23.8
       D:11 |    3030 |    2608 |  46.3 |       7 |      20 |  74.1
            +---------+---------+-------+---------+---------+-------

Illustrated notes

Table legend:
 A = Kills in this place as a percentage of kills in entire the game.
 B = Kills by you in this place as a percentage of kills by you in the entire game.
 C = Kills by friends in this place as a percentage of kills by friends in the entire game.
 D = Other kills in this place as a percentage of other kills in the entire game.
 E = Experience gained in this place as a percentage of experience gained in the entire game.
 F = Experience gained in this place divided by the number of levels of this place that you have seen.
                   A       B       C       D       E      F
               +-------+-------+-------+-------+-------+----------------------
         Total | 100.0 | 100.0 |   N/A |   N/A | 100.0 | 1661.6
       Dungeon | 100.0 | 100.0 |   N/A |   N/A | 100.0 | 1661.6
               +-------+-------+-------+-------+-------+----------------------

Table legend: (Time is in decaauts)
 A = Elapsed time spent in this place.
 B = Non-inter-level travel time spent in this place.
 C = Inter-level travel time spent in this place.
 D = Time resting spent in this place.
 E = Time spent auto-exploring this place.
 F = Levels seen in this place.
 G = Mean time per level.
                   A        B        C        D        E       F      G
               +--------+--------+--------+--------+--------+-----+--------+
         Total |  18322 |  17328 |    994 |   2114 |  12958 |  11 | 1665.6 |
       Dungeon |  18322 |  17328 |    994 |   2114 |  12958 |  11 | 1665.6 |
               +--------+--------+--------+--------+--------+-----+--------+

Top non-repeatable levels by time:
    D:10: 2973 daAuts
     D:6: 1884 daAuts
     D:9: 1796 daAuts
     D:5: 1791 daAuts
     D:1: 1709 daAuts
    D:11: 1551 daAuts
     D:8: 1504 daAuts
     D:3: 1377 daAuts
     D:4: 1296 daAuts
     D:7: 1271 daAuts
     D:2: 1165 daAuts
